 Dungeon Crawl Stone Soup version 0.30-a0-956-gcec3b41aec (webtiles) character file.

Game seed: 1011838975388761084

77 voltaire321 the Caller (level 4, -1/32 HPs)
             Began as a Merfolk Summoner on Mar 29, 2023.
             Slain by an orc wizard
             ... wielding a +0 dagger
              (3 damage)
             ... on level 3 of the Dungeon.
             The game lasted 00:04:34 (1688 turns).

voltaire321 the Caller (Merfolk Summoner)           Turns: 1688, Time: 00:04:35

Health: -1/32      AC:  4    Str: 10    XL:     4   Next: 34%
Magic:  5/7        EV: 13    Int: 14    God:
Gold:   47         SH:  0    Dex: 14    Spells: 2/8 levels left

rFire   . . .      SeeInvis .    k - +3 hand axe
rCold   . . .      Faith    .    (no shield)
rNeg    . . .      Spirit   .    a - +0 robe
rPois   .          Reflect  .    (no helmet)
rElec   .          Rampage  .    h - +0 cloak
rCorr   .                        f - +0 pair of gloves
Will    .....                    (no boots)
Stlth   ++                       (no amulet)
HPRegen 0.25/turn                (no ring)
MPRegen 0.10/turn                (no ring)

@: no status effects
A: (nimble swimmer 2), mertail
a: no special abilities


You were on level 3 of the Dungeon.
You visited 1 branch of the dungeon, and saw 3 of its levels.

You collected 47 gold pieces.

Inventory:

Hand Weapons
 k - a +3 hand axe (weapon)
Missiles
 e - 4 poisoned darts
Armour
 a - a +0 robe (worn)
 f - a +0 pair of gloves (worn)
 h - a +0 cloak (worn)
Scrolls
 c - 3 scrolls of identify {unknown}
 d - 6 scrolls of teleportation {unknown}
Potions
 b - a potion of magic
 g - 4 potions of curing {unknown}
 i - a potion of brilliance {unknown}
 j - a potion of attraction {unknown}
 l - a potion of heal wounds {unknown}
 m - a potion of flight {unknown}


   Skills:
 + Level 1.6 Fighting
 + Level 1.0 Armour
 + Level 3.5 Dodging
 - Level 2.1 Stealth
 + Level 2.5 Spellcasting
 + Level 4.3 Summonings


You had 2 spell levels left.
You knew the following spells:

 Your Spells              Type           Power      Damage    Failure   Level
a - Call Imp              Summ           14%        N/A       5%          2
b - Summon Small Mammal   Summ           56%        N/A       3%          1
c - Call Canine Familiar  Summ           14%        N/A       11%         3

Your spell library contained the following spells:

 Spells                   Type           Power      Damage    Failure   Level
 Beastly Appendage        Tmut           2%         N/A       22%         1
 Wereblood                Tmut           1%         N/A       34%         2
 Summon Guardian Golem    Hex/Summ       7%         N/A       28%         3
 Spider Form              Tmut/Pois      1%         N/A       56%         3
 Summon Lightning Spire   Summ/Air       7%         N/A       67%         4


Dungeon Overview and Level Annotations

Branches:
Dungeon (3/15)

Altars:
Dithmenos


Innate Abilities, Weirdness & Mutations

((You are very nimble when in or above water. (Stealth+, EV+, Speed+++)))
Your lower body shifts to a powerful aquatic tail in water.


Message History

You hear some strange, mumbled words.
A puff of flame appears from out of thin air!
The puff of flame misses you.
You miss something.
Something hits you but does no damage. x2
You hit something.
A magic dart appears from out of thin air!
The magic dart hits you! Something hits you.
You hear some strange, mumbled words.
You are confused.
Your white imp misses something.
You closely miss something. You barely miss something.
Something completely misses you. x2
Your white imp closely misses something.
You hit something. You miss something. Something hits you.
* * * LOW HITPOINT WARNING * * *
Something hits you but does no damage.
Your white imp barely misses something.
You closely miss something. You hit something.
Something hits you but does no damage. Something hits you.
* * * LOW HITPOINT WARNING * * *
Your white imp hits something.
Your white imp freezes something.
Something hits you.
* * * LOW HITPOINT WARNING * * *
Something misses your white imp.
Your white imp misses something.
You barely miss something. You miss something.
You feel less confused. Something barely misses you.
Something completely misses you.
Your white imp barely misses something.
You closely miss something. x2; Something hits you.
* * * LOW HITPOINT WARNING * * *
Something hits you.
* * * LOW HITPOINT WARNING * * *
Your white imp hits something.
Reactivating autopickup.
You feel a bit more experienced.
Your Armour skill increases to level 1!
You have reached level 4!
Deactivating autopickup; reactivate with Ctrl-A.
You closely miss something. Something hits you.
You die...

... ... ..# #.. #.# .. ..## ..
#{{ . ... #.######.# ...
#.##)..#.# ... +.{@)5..>#..
...###### ######.#.##... ..#...#
#....# ##...
###.#...########.####.##..
#.#.#...#.#.#.#.#.#.#.#...
.#.#.#.#.#.#.#.#.#.#.#.#.# #####
#.#.#.#.#.#.#.#.#...#.#..###...#
.#.#.#.#.#.#.#.#....+#.#.......#
#.#.#.#.#.#.#.#.#...#.#........##


You could see a friendly white imp (summoned).

Vanquished Creatures
  An adder (D:3)
  An orc (D:3)
  2 bats (D:3)
  5 endoplasms
  2 giant cockroaches
  5 goblins
  3 hobgoblins
  3 quokkas
  A frilled lizard (D:2)
  4 kobolds (D:2)
  3 rats
30 creatures vanquished.

Vanquished Creatures (collateral kills)
  An orc wizard (D:3)
  3 bats (D:1)
  A hobgoblin (D:1)
  A kobold (D:1)
  A ball python (D:1)
  A rat (D:1)
8 creatures vanquished.

Grand Total: 38 creatures vanquished

Notes
Turn   | Place    | Note
-------+----------+-------------------------------------------
     0 | D:1      | voltaire321 the Merfolk Summoner began the quest for the
                  | Orb.
     0 | D:1      | Reached XP level 1. HP: 13/13 MP: 3/3
   160 | D:1      | Reached XP level 2. HP: 20/20 MP: 3/5
   182 | D:1      | Learned a level 2 spell: Call Imp
   735 | D:2      | Reached skill level 1 in Fighting
   893 | D:2      | Reached XP level 3. HP: 22/26 MP: 6/6
   942 | D:2      | Learned a level 3 spell: Call Canine Familiar
  1411 | D:3      | Found a shadowy altar of Dithmenos.
  1687 | D:3      | HP: 1/26 [something (1)]
  1688 | D:3      | Reached skill level 1 in Armour
  1688 | D:3      | Reached XP level 4. HP: 1/32 MP: 5/7
  1688 | D:3      | Slain by an orc wizard

Illustrated notes

Levels and vault maps discovered:
D:1:      dpeg_arrival_shrine, layout_basic
D:2:      layout_loops_ring
D:3:      layout_basic, kennysheep_ying_yang, lemuel_crystal_altar,
          serial_shops, shop, nicolae_titane, uniq_robin

Skill      XL: |  1  2  3 |
---------------+----------+-----
Dodging        | 3 |  3.5
Fighting       | 1 |  1.6
Armour         | 1 |  1.0
Stealth        | |  2.1
Spellcasting   | |  2.5
Summonings     | |  4.3

Action                     |  1- 3 |  4- 6 || total
---------------------------+-------+-------++-------
  Melee: Short sword       |    39 |       ||    39
         Unarmed           |     1 |       ||     1
         Punch             |     1 |       ||     1
         Hand axe          |    62 |     1 ||    63
   Cast: Summon Small Mamm |     3 |       ||     3
         Call Imp          |     4 |       ||     4
   Stab: Sleeping          |     1 |       ||     1
 Armour: Robe              |    26 |       ||    26
  Dodge: Dodged            |    75 |       ||    75

Table legend: (Time is in decaauts)
 A = Elapsed time spent in this place.
 B = Non-inter-level travel time spent in this place.
 C = Inter-level travel time spent in this place.
 D = Time resting spent in this place.
 E = Time spent auto-exploring this place.
 F = Levels seen in this place.
 G = Mean time per level.
                   A        B        C        D        E       F      G
               +--------+--------+--------+--------+--------+-----+--------+
         Total |   1701 |   1614 |     87 |     40 |   1174 |   3 |  567.0 |
       Dungeon |   1701 |   1614 |     87 |     40 |   1174 |   3 |  567.0 |
               +--------+--------+--------+--------+--------+-----+--------+

Top non-repeatable levels by time:
     D:2: 718 daAuts
     D:1: 581 daAuts
     D:3: 402 daAuts
